 Dungeon Crawl Stone Soup version 0.24-a0-441-g27f0392e16 (webtiles) character file.

Game seed: 8180177837090856541

6229 Ijustatesigmund the Fighter (level 10, -6/113 HPs)
             Began as an Ogre Hunter on June 20, 2019.
             Was a Believer of Cheibriados.
             Killed by divine providence
             ... invoked by an orc priest
              (12 damage)
             ... on level 8 of the Dungeon.
             The game lasted 00:25:26 (10611 turns).

Ijustatesigmund the Fighter (Ogre Hunter)          Turns: 10611, Time: 00:25:26

Health: -6/113     AC:  8    Str: 23    XL:     10   Next: 92%
Magic:  12/12      EV: 19    Int: 15    God:    Cheibriados [**....]
Gold:   459        SH:  0    Dex: 17    Spells: 9/9 levels left

rFire    . . .     SeeInvis .   a - +1 mace (protect)
rCold    . . .     Gourm    .   (no shield)
rNeg     . . .     Faith    .   b - +1 robe
rPois    .         Spirit   .   (helmet restricted)
rElec    .         Reflect  .   s - +0 cloak
rCorr    .         Harm     .   (gloves unavailable)
MR       +....                  (boots unavailable)
Stlth    ++........             (no amulet)
HPRegen  0.28/turn              p - +3 ring of protection
MPRegen  0.13/turn              w - +3 ring of evasion

@: lethally poisoned (-6 -> -6), very slow
A: large, unfitting armour, repulsion field 1, dopey 1, sense surroundings 1,
tough skin 1
a: Bend Time, Renounce Religion


You were on level 8 of the Dungeon.
You worshipped Cheibriados.
Cheibriados was pleased with you.
You were hungry.

You visited 2 branches of the dungeon, and saw 10 of its levels.
You also visited: Sewer and Bailey.

You collected 459 gold pieces.

Inventory:

Hand Weapons
 a - a +1 mace of protection (weapon)
 i - a +3 flail of holy wrath
 k - the +7 hand axe of Ytwamoso {chop, Dex+3}
   (You found it on level 9 of the Dungeon)

   It inflicts extra damage upon your enemies.
   It affects your dexterity (+3).
 r - a +0 giant spiked club
Missiles
 c - 5 large rocks
 d - 3 throwing nets (quivered)
Armour
 b - a +1 robe (worn)
 s - a +0 cloak (worn)
Jewellery
 h - an uncursed ring of ice
 o - an uncursed ring of wizardry
 p - a +3 ring of protection (left hand)
 w - a +3 ring of evasion (right hand)
Wands
 u - a wand of flame (33)
Scrolls
 m - 4 scrolls of remove curse
 n - 2 scrolls of amnesia
 q - a scroll of enchant armour
 v - a scroll of identify
Potions
 e - a potion of flight
 g - a potion of brilliance
 l - 2 potions of lignification
Comestibles
 f - 18 rations


   Skills:
 - Level 11.0 Fighting
 - Level 10.2 Maces & Flails
 - Level 4.0 Throwing
 - Level 6.8 Dodging
 - Level 0.6 Stealth
 + Level 3.8 Invocations


You had 9 spell levels left.
You didn't know any spells.
Your spell library contained the following spells:

 Spells                   Type           Power        Failure   Level  Hunger
 Confusing Touch          Hex            #.....       26%         1    ##.....
 Freeze                   Ice            #...         26%         1    ##.....
 Throw Frost              Conj/Ice       #.....       38%         2    ###....
 Confuse                  Hex            #.......     63%         3    ####...
 Gell's Gravitas          Tloc           #.........   63%         3    ####...
 Ozocubu's Armour         Chrm/Ice       #.......     63%         3    ####...
 Petrify                  Tmut/Erth      #.......     95%         4    #####..
 Summon Ice Beast         Ice/Summ       #.......     95%         4    #####..
 Throw Icicle             Conj/Ice       #.......     95%         4    #####..
 Metabolic Englaciation   Hex/Ice        #.........   100%        5    ######.
 Yara's Violent Unravell  Hex/Tmut       #.........   100%        5    ######.


Dungeon Overview and Level Annotations

Branches:
Dungeon (9/15)             Temple (1/1) D:6
   Lair: D:8-11         Orc: D:9-12

Altars:
Ashenzari
Cheibriados
Dithmenos
Elyvilon
Fedhas
Hepliaklqana
Kikubaaqudgha
Makhleb
Nemelex Xobeh
Okawaru
Qazlal
Ru
Sif Muna
Trog
Uskayaw
Vehumet
Xom
Yredelemnul
Zin
The Shining One

Shops:
D:6 [


Innate Abilities, Weirdness & Mutations

You are too large for most types of armour.
You have tough skin. (AC +1)
You are surrounded by a mild repulsion field. (EV +2)
You are dopey. (Int -2)
You passively map a small area around you.


Message History

Quivering
d - 4 throwing nets for throwing.
Throwing (i - inventory. (/) - cycle)
d - 4 throwing nets (quivered)
Press: ? - help, Shift-Dir - straight line, f - orc warrior
Aim: an orc warrior, wielding a +0 long sword and wearing a +0 plate armour (severely wounded)
You throw a throwing net. The throwing net hits the orc warrior.
The orc warrior is caught in the net!
The orc warrior is severely wounded.
The orc warrior struggles against the net.
The orc priest looks braver for a moment.
You feel sick.
The orc warrior struggles against the net.
The orc warrior struggles against the net. x2
The orc priest calls down the wrath of Beogh upon you.
Beogh smites you!
* * * LOW HITPOINT WARNING * * *
The orc warrior struggles against the net.
The net rips apart, and the orc warrior comes free!
The orc priest mumbles some strange prayers to Beogh against you.
Beogh smites you!
You die...

### #############.#
#######oyo...@......######
#.......###########......#
#.......# #......#
#...[...###########......####
#......>....................#
#......†###########.#######.#
##'####.#### #.#....##.## #.#
#†.(.# #.#....##..#
#.####.##.# #.)........#


You could see a queen bee, an orc warrior and an orc priest.

Vanquished Creatures
  Joseph (D:8)
  Grinder (D:6)
  A hornet (D:6)
  A hippogriff (D:7)
  Sigmund (D:5)
  Eustachio (D:5)
  A wyvern (D:8)
  A hungry ghost (D:7)
  Edmund (D:6)
  A phantom (D:8)
  2 sky beasts
  2 orc warriors
  2 ice beasts (D:5)
  A necrophage (D:8)
  5 ogres
  4 centaurs
  Blork the orc (D:5)
  A gnoll sergeant (D:7)
  7 bullfrogs
  A wyvern zombie (D:8)
  A scorpion (D:8)
  20 killer bees
  3 bullfrog zombies
  A centaur zombie (D:4)
  6 crimson imps
  5 hounds
  A jelly (D:7)
  Crazy Yiuf (D:3)
  3 orc priests
  10 orc wizards
  A centaur skeleton (D:6)
  A gnoll shaman (D:7)
  An iguana (D:9)
  8 worker ants
  A hound skeleton (D:4)
  A worker ant zombie (D:4)
  7 gnolls (D:7)
  12 adders
  2 shadow imps
  10 oozes
  An adder skeleton (D:4)
  4 worms
  5 dart slugs
  15 leopard geckos
  29 orcs
  6 bats
  26 giant cockroaches
  5 goblins
  5 hobgoblins
  11 jackals
  3 quokkas
  10 ball pythons
  16 frilled lizards
  4 kobolds
  A leopard gecko zombie (D:4)
  14 rats
286 creatures vanquished.

Vanquished Creatures (others)
  An orc wizard (D:8)
1 creature vanquished.

Grand Total: 287 creatures vanquished

Notes
Turn   | Place    | Note
-------+----------+-------------------------------------------
     0 | D:1      | Ijustatesigmund the Ogre Hunter began the quest for the
                  | Orb.
     0 | D:1      | Reached XP level 1. HP: 22/22 MP: 1/1
    47 | D:1      | Reached skill level 3 in Fighting
    59 | D:1      | Reached XP level 2. HP: 28/31 MP: 2/2
    89 | D:1      | Reached skill level 4 in Fighting
   420 | D:1      | Reached XP level 3. HP: 19/39 MP: 3/3
   594 | D:1      | Reached skill level 1 in Maces & Flails
   980 | D:2      | Found a sacrificial altar of Ru.
   983 | D:2      | You fall into a shaft and drop 1 floor!
  1185 | D:2      | Found a shattered altar of Ashenzari.
  1346 | D:2      | Found an ancient bone altar of Kikubaaqudgha.
  1431 | D:2      | Reached XP level 4. HP: 19/49 MP: 4/4
  2448 | D:3      | Reached skill level 5 in Fighting
  2610 | D:3      | Reached XP level 5. HP: 28/57 MP: 5/5
  3047 | D:3      | Found a hide-covered altar of Uskayaw.
  3400 | D:3      | Reached XP level 6. HP: 63/66 MP: 6/6
  3628 | D:3      | Found a runed translucent door.
  3629 | D:3      | Noticed Crazy Yiuf
  3647 | D:3      | Killed Crazy Yiuf
  4004 | D:4      | Reached skill level 6 in Fighting
  4164 | D:4      | Found the +3 warlock's mirror {reflect}
  4174 | D:4      | Gained mutation: You passively map a small area around you.
                  | [potion of mutation]
  4174 | D:4      | Gained mutation: You are dopey. (Int -2) [potion of
                  | mutation]
  4174 | D:4      | Gained mutation: You are surrounded by a mild repulsion
                  | field. (EV +2) [potion of mutation]
  4213 | D:4      | Found a blossoming altar of Fedhas.
  4341 | D:4      | Reached XP level 7. HP: 54/75 MP: 7/7
  4582 | D:5      | Entered Level 5 of the Dungeon
  4621 | D:5      | Found a radiant altar of Vehumet.
  4728 | D:5      | Found a glowing drain.
  4742 | D:5      | Reached skill level 5 in Maces & Flails
  4779 | D:5      | Noticed Eustachio
  4789 | D:5      | Killed Eustachio
  4810 | Sewer    | Entered a sewer
  4919 | Sewer    | Reached skill level 7 in Fighting
  4937 | Sewer    | Reached XP level 8. HP: 85/87 MP: 8/8
  5380 | D:5      | Noticed Sigmund
  5388 | D:5      | Killed Sigmund
  5592 | D:5      | Noticed Blork the orc
  5604 | D:5      | Killed Blork the orc
  5658 | D:6      | Reached skill level 8 in Fighting
  5798 | D:6      | Found Fepin's Antique Armour Boutique.
  5888 | D:6      | Reached XP level 9. HP: 87/97 MP: 9/9
  6074 | D:6      | You fall into a shaft and drop 3 floors!
  6107 | D:9      | Reached skill level 9 in Fighting
  6418 | D:8      | Found a flagged portal.
  6427 | Bailey   | Entered a bailey
  6427 | Bailey   | Noticed an orc knight
  6708 | D:8      | Noticed Joseph
  7138 | D:7      | Reached skill level 10 in Fighting
  7143 | D:7      | Found a sand-covered staircase.
  7144 | D:7      | You fall into a shaft and drop 2 floors!
  7144 | D:9      | Found a shadowy altar of Dithmenos.
  7158 | D:9      | Found a stormy altar of Qazlal.
  7185 | D:9      | Found an iron altar of Okawaru.
  7197 | D:9      | Got a scorched hand axe
  7437 | D:7      | Reached XP level 10. HP: 50/111 MP: 10/10
  7628 | D:7      | Identified the +3 falchion "Jaoc" {slice, rPois rN+ Str-2}
  7730 | D:6      | Identified the +7 hand axe of Ytwamoso {chop, Dex+3} (You
                  | found it on level 9 of the Dungeon)
  7939 | D:6      | Noticed Grinder
  7975 | D:6      | Killed Grinder
  7975 | D:6      | Reached skill level 10 in Maces & Flails
  8095 | D:6      | Noticed Edmund
  8107 | D:6      | Paralysed by a hornet for 2 turns
  8139 | D:6      | Killed Edmund
  8139 | D:6      | Reached skill level 11 in Fighting
  8420 | D:6      | Found a staircase to the Ecumenical Temple.
  8429 | Temple   | Entered the Ecumenical Temple
  8434 | Temple   | Became a worshipper of Cheibriados the Contemplative
  8637 | D:6      | Found a bloodstained altar of Trog.
  9286 | D:7      | Reached skill level 5 in Dodging
  9550 | D:8      | Reached * piety under Cheibriados
  9655 | D:8      | Killed Joseph
  9803 | D:8      | Reached skill level 1 in Invocations
  9999 | D:8      | Reached ** piety under Cheibriados
 10611 | D:8      | Killed from afar by an orc priest

Levels and vault maps discovered:
D:1:      dpeg_arrival_pits, layout_loops_ring
D:2:      minmay_inner_zag, layout_loops_ring, overflow_temple_1_default,
          nicolae_ru_sacrificial_ziggurat, ashenzari_conservatory_becter,
          first_ration
D:3:      layout_basic, eat_drink_and_be_merry_uskayaw,
          minmay_misc_feat_nine_boxes, uniq_crazy_yiuf_cottage
D:4:      layout_basic, lemuel_round_altar, serial_undead, serial_undead_f,
          serial_undead_c, serial_undead_e, serial_undead_f
D:5:      layout_basic, lemuel_doored_altar, portal_sewer_entry_a, uniq_sigmund,
          uniq_eustachio, uniq_blork_the_orc
D:6:      layout_basic, lightli_temple_of_fire, lemuel_temple_firewalk_a,
          serial_shops, shop, uniq_grinder, uniq_edmund
D:7:      layout_basic, nicolae_overflow_hidden_temple,
          nicolae_ossuary_entry_plus, kennysheep_generic_room_11
D:8:      layout_basic, enter_bailey_2, uniq_joseph
D:9:      layout_roguey, marbit_many_paths, okawaru_ov_weapons_minmay,
          nicolae_dithmenos_shadow_blocks, david_nohive_1, grunt_qazlal_clouds
Temple:   minmay_freezing_vapour_temple

Skill      XL: |  1  2  3  4  5  6  7  8  9 10 |
---------------+-------------------------------+-----
Fighting       | 3 4 5 6 7 8 10 11 | 11.0
Maces & Flails | 1 2 3 4 5 7 9 10 | 10.2
Dodging        | 2 3 4 6 |  6.8
Invocations    | 3 |  3.8
Throwing       | |  4.0
Stealth        | |  0.6

Action                   |  1- 3 |  4- 6 |  7- 9 | 10-12 || total
-------------------------+-------+-------+-------+-------++-------
Melee: Short sword       |    44 |       |       |       ||    44
       Whip              |   135 |   166 |       |       ||   301
       Mace              |       |   124 |   620 |   422 ||  1166
Throw: Large rock        |       |     6 |     8 |       ||    14
       Throwing net      |       |       |       |     1 ||     1
Evoke: Wand              |       |       |     2 |     1 ||     3
  Use: Scroll            |     5 |     5 |    11 |     1 ||    22
       Potion            |       |     2 |     4 |     3 ||     9
 Stab: Sleeping          |     2 |     3 |     8 |     4 ||    17
  Eat: Chunk             |     1 |     6 |    13 |     6 ||    26
       Ration            |       |     1 |       |     1 ||     2
Armor: Robe              |    67 |   120 |   271 |   116 ||   574
       Skin              |       |       |       |    28 ||    28
Dodge: Dodged            |    91 |   151 |   470 |   379 ||  1091

Table legend:
 A = Non-vault XP
 B = Vault XP
 C = Vault XP percentage of total XP
 D = Non-vault monster count
 E = Vault monster count
 F = Vault count percentage of total count
                 A         B        C        D         E       F
            +---------+---------+-------+---------+---------+-------
      Total |    6504 |    2395 |  26.9 |     197 |      90 |  31.4
            +---------+---------+-------+---------+---------+-------
        D:1 |      53 |       0 |   0.0 |      27 |       0 |   0.0
        D:2 |      67 |      18 |  21.2 |      20 |       4 |  16.7
        D:3 |     245 |      40 |  14.0 |      29 |       1 |   3.3
        D:4 |      58 |     179 |  75.5 |       7 |       7 |  50.0
        D:5 |     426 |     535 |  55.7 |      10 |      10 |  50.0
        D:6 |    1237 |     461 |  27.1 |      23 |       2 |   8.0
        D:7 |    2463 |      63 |   2.5 |      40 |       1 |   2.4
        D:8 |    1477 |     692 |  31.9 |      33 |       5 |  13.2
        D:9 |     478 |      59 |  11.0 |       8 |       1 |  11.1
      Sewer |       0 |     348 | 100.0 |       0 |      59 | 100.0
            +---------+---------+-------+---------+---------+-------
